 Dungeon Crawl Stone Soup version 0.32-a0-913-g739538afd8 (webtiles) character file.

Game seed: 16411787716025790641

312 Vadun the Shield-Bearer (level 6, -7/61 HPs)
             Began as a Troll Fighter on Apr 7, 2024.
             Killed from afar by Dowan (19 damage)
             ... with a shard of ice
             ... on level 4 of the Dungeon.
             The game lasted 00:02:21 (1743 turns).

Vadun the Shield-Bearer (Troll Fighter)             Turns: 1743, Time: 00:02:22

Health: -7/61      AC:  4    Str: 27    XL:     6   Next: 18%
Magic:  5/5        EV:  8    Int:  4    God:
Gold:   112        SH:  7    Dex:  9    Spells: 5/5 levels left

rFire   . .          .
                       - Unarmed
rCold   . . .        b - +0 kite shield
rNeg    . . .        a - +0 robe
rPois   .            (helmet restricted)
rElec   .            (no cloak)
rCorr   .            (gloves unavailable)
SInv    .            (boots unavailable)
Will    .....        m - amulet of regeneration
Stlth   +            (no ring)
HPRegen 1.90/turn    (no ring)
MPRegen 0.09/turn

%: no passive effects
@: mighty, lethally poisoned (-7 -> -11)
A: large, unfitting armour, claws 3, regeneration 1, shaggy fur 1, tough skin 1
a: no special abilities


You were on level 4 of the Dungeon.
You visited 1 branch of the dungeon, and saw 4 of its levels.

You collected 112 gold pieces.

Inventory:

Armour
 a - a +0 robe (worn)
 b - a +0 kite shield (worn)
Jewellery
 m - an amulet of regeneration (around neck)
Scrolls
 d - 3 scrolls of teleportation {unknown}
 g - a scroll of immolation {unknown}
 h - 3 scrolls of fog {unknown}
 j - a scroll of poison {unknown}
 k - a scroll of brand weapon {unknown}
 l - 2 scrolls of noise {unknown}
 o - a scroll of silence {unknown}
Potions
 e - 2 potions of berserk rage {unknown}
 f - a potion of curing {unknown}
 i - 2 potions of heal wounds {unknown}
 n - a potion of attraction {unknown}
 p - a potion of mutation {unknown}


   Skills:
 + Level 3.5 Fighting
 + Level 3.5 Dodging
 + Level 3.9 Shields
 + Level 3.6 Unarmed Combat


You had 5 spell levels left.
You didn't know any spells.
Your spell library contained the following spells:

 Spells                   Type           Power      Damage    Failure   Level
 Animate Armour           Summ/Erth      0%         N/A       100%        4
 Summon Lightning Spire   Summ/Air       0%         N/A       100%        4
 Lee's Rapid Deconstruct  Erth           0%         3d4*      100%        5


Dungeon Overview and Level Annotations

Branches:
Dungeon (4/15)
 Temple: D:4-7

Altars:

Annotations:
D:4 Dowan


Innate Abilities, Weirdness & Mutations

You are too large for most types of armour.
You have claws for hands.
Your natural rate of healing is unusually fast.
You are covered in fur. (AC +1)
You have tough skin. (AC +1)


Message History

Duvessa hits you but does no damage.
A hound comes into view.
You block Duvessa's attack. You block the endoplasm's attack.
The hound barks!
You scratch Duvessa but do no damage.
Duvessa is severely wounded.
Duvessa hits you with a +0 short sword! You block the hobgoblin's attack.
You block Dowan's attack.
The endoplasm hits you but does no damage.
You block Duvessa's attack.
You claw Duvessa!
You kill Duvessa!
Dowan screams, "No!
No!"
Dowan seems to find hidden reserves of power!
Dowan hits you with a +5 dagger of venom.
You are poisoned.
The hobgoblin barely misses you. The endoplasm freezes you.
You are frozen.
Dowan hits you with a +5 dagger of venom.
You have reached level 6!
You feel stronger.
You scratch Dowan.
Dowan is moderately wounded.
You feel very sick.
Dowan hits you with a +5 dagger of venom.
You are more poisoned.
The hobgoblin hits you. You block the endoplasm's attack.
Unknown command.
You claw Dowan!
Dowan is heavily wounded.
You feel very sick. You block Dowan's attack. You block the hobgoblin's attack.
The endoplasm freezes you.
You are frozen.
* * * LOW HITPOINT WARNING * * *
You block the hound's attack.
Dowan points at you and mumbles some strange words.
The shard of ice hits you!!
You die...

######
##.....##
##........
#[........
#.........
#.eh......
#.@J>.....
#<.g......
#.........
##........
##.....##
######


You could see Dowan (fast), a hound, an endoplasm and a hobgoblin.

Vanquished Creatures
  Duvessa (D:4)
  Natasha (thrice) (D:2)
  Robin (D:3)
  4 adders (D:2)
  A gnoll (D:1)
  A ribbon worm (D:2)
  2 dart slugs (D:2)
  3 orcs
  3 ball pythons
  6 endoplasms
  4 giant cockroaches (D:1)
  15 goblins
  3 hobgoblins
  2 jackals (D:1)
  2 quokkas
  5 bats
  4 frilled lizards
  7 kobolds
  9 rats
76 creatures vanquished.

Notes
Turn   | Place    | Note
-------+----------+-------------------------------------------
     0 | D:1      | Vadun the Troll Fighter began the quest for the Orb.
     0 | D:1      | Reached XP level 1. HP: 22/22 MP: 0/0
    38 | D:1      | Reached XP level 2. HP: 22/29 MP: 1/1
   373 | D:1      | Reached XP level 3. HP: 36/36 MP: 2/2
   711 | D:2      | Noticed Natasha
   717 | D:2      | Killed Natasha
   736 | D:2      | Reached XP level 4. HP: 41/44 MP: 3/3
   892 | D:2      | Noticed Natasha
   905 | D:2      | Killed Natasha
  1150 | D:2      | Reached XP level 5. HP: 51/53 MP: 4/4
  1152 | D:2      | Noticed Natasha
  1163 | D:2      | Killed Natasha
  1240 | D:3      | Noticed Robin
  1263 | D:3      | Killed Robin
  1304 | D:3      | Found a faded altar of an unknown god.
  1734 | D:4      | Noticed Duvessa
  1734 | D:4      | Noticed Dowan
  1741 | D:4      | Killed Duvessa
  1742 | D:4      | Reached XP level 6. HP: 28/61 MP: 5/5
  1743 | D:4      | Killed from afar by Dowan

Illustrated notes

Levels and vault maps discovered:
D:1:      dpeg_arrival_fog, layout_basic
D:2:      layout_basic, minmay_puff, uniq_natasha
D:3:      layout_basic, hellmonk_ecumenical_altar_run_dry, nrook_loot_triangle,
          minivault_23, uniq_robin
D:4:      layout_rooms, minmay_temple_entry_stoned_glass, serial_shops,
          nicolae_inconvenience_store, uniq_duvessa, uniq_sigmund

Skill      XL: |  1  2  3  4 |
---------------+-------------+-----
Shields        | 3 |  3.9
Dodging        | 3 |  3.5
Fighting       | 3 |  3.5
Unarmed Combat | 3 |  3.6

Action                     |  1- 3 |  4- 6 || total
---------------------------+-------+-------++-------
  Melee: Unarmed           |    71 |   133 ||   204
    Use: Potion            |       |     1 ||     1
 Armour: Robe              |    39 |    83 ||   122
  Dodge: Dodged            |    24 |    48 ||    72
  Block: Kite shield       |    19 |    60 ||    79

Table legend: (Time is in decaauts)
 A = Elapsed time spent in this place.
 B = Non-inter-level travel time spent in this place.
 C = Inter-level travel time spent in this place.
 D = Time resting spent in this place.
 E = Time spent auto-exploring this place.
 F = Levels seen in this place.
 G = Mean time per level.
                   A        B        C        D        E       F      G
               +--------+--------+--------+--------+--------+-----+--------+
         Total |   1752 |   1694 |     58 |      0 |   1234 |   4 |  438.0 |
       Dungeon |   1752 |   1694 |     58 |      0 |   1234 |   4 |  438.0 |
               +--------+--------+--------+--------+--------+-----+--------+

Top non-repeatable levels by time:
     D:2: 681 daAuts
     D:1: 556 daAuts
     D:3: 506 daAuts
     D:4: 9 daAuts
